 Dungeon Crawl Stone Soup version 0.28-a0-239-g68911e0c57 (webtiles) character file.

Game seed: 7926736084227349288

52 graki42 the Shield-Bearer (level 3, -4/26 HPs)
             Began as an Octopode Fighter on Aug 23, 2021.
             Slain by Natasha (8 damage)
             ... on level 2 of the Dungeon.
             The game lasted 00:02:02 (1365 turns).

graki42 the Shield-Bearer (Octopode Fighter)        Turns: 1365, Time: 00:02:03

Health: -4/26      AC:  1    Str: 15    XL:     3   Next: 85%
Magic:  3/3        EV: 11    Int: 10    God:
Gold:   101        SH:  8    Dex: 12    Spells: 2/2 levels left

rFire   . . .      SeeInvis .   a - +0 rapier
rCold   . . .      Faith    .   b - +0 kite shield
rNeg    . . .      Spirit   .   (helmet restricted)
rPois   .          Reflect  .   (no amulet)
rElec   .          Harm     .   (no ring)
rCorr   .          Rampage  .   (no ring)
Will    .....                   (no ring)
Stlth   ++........              (no ring)
HPRegen 0.08/turn               (no ring)
MPRegen 0.08/turn               (no ring)
                                (no ring)
                                (no ring)

@: no status effects
A: almost no armour, amphibious, 8 rings, camouflage 1, gelatinous body 1,
(nimble swimmer 1), tentacles
a: no special abilities


You were on level 2 of the Dungeon.
You visited 1 branch of the dungeon, and saw 2 of its levels.

You collected 101 gold pieces.

Inventory:

Hand Weapons
 a - a +0 rapier (weapon)
Armour
 b - a +0 kite shield (worn)
Scrolls
 d - a scroll of enchant weapon {unknown}
 g - a scroll of fear {unknown}
Potions
 c - a potion of might
 e - a potion of lignification {unknown}
 f - a potion of mutation {unknown}


   Skills:
 + Level 3.4 Fighting
 + Level 2.6 Short Blades
 + Level 3.4 Dodging
 + Level 3.4 Shields


You had 2 spell levels left.
You didn't know any spells.
Your spell library was empty.

Dungeon Overview and Level Annotations

Branches:
Dungeon (2/15)

Altars:

Shops:
D:1 =

Annotations:
D:2 Natasha


Innate Abilities, Weirdness & Mutations

You cannot wear most types of armour.
You are amphibious.
You can wear up to eight rings at the same time.
Your skin changes colour to match your surroundings (Stealth+).
Your rubbery body absorbs attacks. (AC +1, EV +1)
((You are camouflaged near water. (Stealth+)))
You have tentacles for arms and can constrict up to eight enemies at once.


Message History

The adder poisons you! The adder misses you.
You hit the adder.
The adder is severely wounded.
You constrict the adder.
You feel sick. The adder bites you.
You are more poisoned.
The adder poisons you!
You barely miss the adder.
The adder is severely wounded.
You constrict the adder.
You kill the adder!
You feel very sick.
You start resting.
You feel sick. x6
You are no longer poisoned.
You start resting.
A rat comes into view.
The rat barely misses you.
You barely miss the rat. You grab the rat. You constrict the rat.
You kill the rat!
No target in view!
HP restored.
You now have 85 gold pieces (gained 13).
g - a scroll labelled YDYREE FYTH You now have 101 gold pieces (gained 16).
A rat comes into view.
Found 17 sling bullets.
You hit the rat.
You kill the rat!
Natasha, Servant of Life and Death comes into view.
Natasha hisses angrily.
Natasha stares at you and mumbles some strange words.
The magic dart hits you.
Natasha hisses.
Natasha casts a spell at you. The magic dart hits you! Natasha claws you.
You completely miss Natasha. You grab Natasha. You constrict Natasha.
Natasha claws you.
* * * LOW HITPOINT WARNING * * *
Natasha claws you!
You die...

#.##.# ..... #.#.. #.#.#
#.#.# #.#.###
#######..<..#
............##########.#
###<............@h.....#
###(###......###########
....###......##
..............#
..##########..# .##
#....# ..# #.##.# ..#
#.##.# ..# ##.##(#


You could see Natasha.

Vanquished Creatures
  2 adders (D:2)
  5 ball pythons
  2 bats (D:1)
  2 endoplasms (D:1)
  2 giant cockroaches (D:1)
  4 goblins (D:1)
  5 hobgoblins
  4 kobolds
  2 quokkas (D:1)
  2 rats (D:2)
30 creatures vanquished.

Notes
Turn   | Place    | Note
-------+----------+-------------------------------------------
     0 | D:1      | graki42 the Octopode Fighter began the quest for the Orb.
     0 | D:1      | Reached XP level 1. HP: 16/16 MP: 1/1
    44 | D:1      | Found Qoufeana's Jewellery Boutique.
   161 | D:1      | Reached XP level 2. HP: 18/21 MP: 2/2
   392 | D:1      | Found a faded altar of an unknown god.
   549 | D:1      | Reached XP level 3. HP: 17/26 MP: 3/3
  1360 | D:2      | Noticed Natasha
  1365 | D:2      | Slain by Natasha

Illustrated notes

Levels and vault maps discovered:
D:1:      amcnicky_arrival_single_pillar, layout_loops_cross,
          ebering_ecumenical_altar_webs, serial_shops, shop_fountains,
          minmay_tetromino_l4
D:2:      layout_loops_ring, uniq_natasha

Action                   || total
-------------------------++-------
Melee: Rapier            ||    58
       Constrict         ||    14
       Tentacles         ||     5
 Stab: Sleeping          ||     2
Armor: Skin              ||     3
Dodge: Dodged            ||    30
Block: Kite shield       ||    24

Table legend: (Time is in decaauts)
 A = Elapsed time spent in this place.
 B = Non-inter-level travel time spent in this place.
 C = Inter-level travel time spent in this place.
 D = Time resting spent in this place.
 E = Time spent auto-exploring this place.
 F = Levels seen in this place.
 G = Mean time per level.
                   A        B        C        D        E       F      G
               +--------+--------+--------+--------+--------+-----+--------+
         Total |   1383 |   1371 |     12 |    194 |    997 |   2 |  691.5 |
       Dungeon |   1383 |   1371 |     12 |    194 |    997 |   2 |  691.5 |
               +--------+--------+--------+--------+--------+-----+--------+

Top non-repeatable levels by time:
     D:1: 954 daAuts
     D:2: 428 daAuts
